 Dungeon Crawl Stone Soup version 0.30-a0-1160-g6e42c06 (webtiles) character file.

Game seed: 10477162065630583535

1120 Dorkslayer the Chopper (level 8, -2/48 HPs)
             Began as a Gargoyle Fighter on Apr 25, 2023.
             Was an Initiate of Gozag.
             Slain by a wight
             ... wielding a +3 mace
              (7 damage)
             ... on level 6 of the Dungeon.
             The game lasted 00:08:50 (4174 turns).

Dorkslayer the Chopper (Gargoyle Fighter)           Turns: 4174, Time: 00:08:50

Health: -2/48      AC: 19    Str: 19    XL:     8   Next: 34%
Magic:  8/8        EV:  8    Int: 10    God:    Gozag
Gold:   561        SH:  5    Dex: 17    Spells: 7/7 levels left

rFire   . . .        a - +0 war axe
rCold   + + .        c - +0 buckler
rNeg    + . .        d - +1 chain mail {rC+}
rPois   ∞            (no helmet)
rElec   +            v - +2 cloak
rCorr   .            (no gloves)
SInv    .            (no boots)
Will    .....        (no amulet) Stlth
                     i - +6 ring of dexterity
HPRegen 0.28/turn    m - ring of protection from cold
MPRegen 0.11/turn

%: no passive effects
@: no status effects
A: sickness immunity, AC +5, negative energy resistance 1, electricity
resistance, torment resistance 1, petrification resistance
a: Renounce Religion, Potion Petition, Call Merchant, Bribe Branch


You were on level 6 of the Dungeon.
You worshipped Gozag.
Gozag was pleased with you.
You visited 1 branch of the dungeon, and saw 6 of its levels.

You collected 771 gold pieces.
You spent 210 gold pieces at shops.

Inventory:

Hand Weapons
 a - a +0 war axe (weapon)
 e - a +0 war axe
Missiles
 q - 3 boomerangs (quivered)
Armour
 c - a +0 buckler (worn)
 d - a +1 chain mail of cold resistance (worn)
 v - a +2 cloak (worn)
Jewellery
 i - a +6 ring of dexterity (left hand)
 m - a ring of protection from cold (right hand)
Wands
 h - a wand of flame (27)
 w - a wand of mindburst (14)
Scrolls
 b - 2 scrolls of fog
 g - 2 scrolls of teleportation
 k - a scroll of torment {unknown}
 n - a scroll of amnesia
 p - 2 scrolls of identify {unknown}
 r - a scroll of enchant weapon {unknown}
 t - 2 scrolls of acquirement {unknown}
 y - 3 scrolls of magic mapping
Potions
 f - a potion of haste {unknown}
 j - 2 potions of cancellation {unknown}
 l - 2 potions of brilliance {unknown}
 o - 2 potions of curing
 s - a potion of berserk rage {unknown}
 u - 2 potions of invisibility {unknown}
 x - 2 potions of mutation {unknown}
 z - a potion of heal wounds {unknown}


   Skills:
 + Level 4.7 Fighting
 + Level 6.0 Axes
 + Level 5.1 Armour
 + Level 2.2 Dodging
 + Level 4.3 Shields
 * Level 2.7 Evocations


You had 7 spell levels left.
You didn't know any spells.
Your spell library contained the following spells:

 Spells                   Type           Power      Damage    Failure   Level
 Sting                    Tmut/Pois      0%         1d3       98%         1
 Poisonous Vapours        Pois/Air       0%         N/A       99%         2
 Scorch                   Fire           0%         2d5       99%         2
 Flame Wave               Conj/Fire      0%         2d4       100%        4
 Olgreb's Toxic Radiance  Pois           0%         N/A       100%        4
 Summon Cactus Giant      Summ           0%         N/A       100%        6


Dungeon Overview and Level Annotations

Branches:
Dungeon (6/15)
 Temple: D:4-7

Altars:
Ashenzari
Cheibriados
Gozag
Ru
Sif Muna
Trog
Uskayaw
Zin

Shops:
D:2 [   D:4 [

Annotations:
D:4 2 transporters, bobfrom10's ghost, amateur DECj


Innate Abilities, Weirdness & Mutations

You are immune to sickness and miasma.
Your stone body is resilient. (AC +5)
You are immune to poison.
You resist negative energy. (rN+)
You are resistant to electric shocks. (rElec)
You are resistant to unholy torment.
You are immune to petrification.


Message History

You closely miss the wight. The wight hits you with a +3 mace.
The wight hits you but does no damage.
You hit the wight.
The wight is heavily damaged.
You hit the wight but do no damage. The wight hits you with a +3 mace.
The wight hits you with a +4 battleaxe!
* * * LOW HITPOINT WARNING * * *
The wight barely misses you. The wight misses you.
You barely miss the wight.
The wight is lightly damaged.
You hit the wight. The wight hits you with a +3 mace.
* * * LOW HITPOINT WARNING * * *
The wight hits you with a +4 battleaxe.
* * * LOW HITPOINT WARNING * * *
You hit the wight but do no damage.
The wight is lightly damaged.
You barely miss the wight. The wight hits you with a +3 mace.
* * * LOW HITPOINT WARNING * * *
The wight hits you but does no damage. The wight attacks as you move away!
The wight hits you but does no damage. The wight attacks as you move away!
You block the wight's attack. The wight attacks as you move away!
You block the wight's attack.
Okay, then.
It was a potion of curing.
You feel better. The wight hits you but does no damage.
The wight attacks as you move away! The wight hits you but does no damage.
The wight attacks as you move away! The wight hits you with a +4 battleaxe!
* * * LOW HITPOINT WARNING * * *
You feel better. The wight barely misses you.
You closely miss the wight.
The wight is lightly damaged.
You hit the wight but do no damage. The wight barely misses you.
The wight hits you with a +4 battleaxe!
* * * LOW HITPOINT WARNING * * *
The wight hits you but does no damage. x2
You hit the wight.
The wight is moderately damaged.
You hit the wight but do no damage. The wight hits you with a +3 mace!
You die...
Your body crumbles into a pile of gold.

######### *,*******,**
####### #.......# *,*
*,,* ......## #.......#
*,* **+**
#####..####.......# *,*
**,,,* # ##...##.......#
*,* *~,,,~
########..........###,*
*~,,,~
...................>#,***
*~,,,~
############......#.#,,.#
*~,,,~ #
#....@z#.#**.#***~,_,~
#####.z..# *.#,,**,,,*
###..###.#,*******
#..#...#,*<**,,,
#......#,*,**,**
##.....#,*,**,*,
#.#...#,*,**,*,
######.....#,*,**,*,
#...)......#,*,,*,*,


You could see 2 wights.

Vanquished Creatures
  An ice beast (D:6)
  2 sky beasts (D:6)
  2 centaurs
  A phantom (D:5)
  2 scorpions
  A wight (D:6)
  4 hounds (D:5)
  A sleepcap (D:6)
  4 iguanas
  4 gnolls (D:5)
  6 adders
  2 worms
  4 dart slugs
  9 orcs
  A ball python (D:2)
  5 endoplasms
  6 giant cockroaches
  6 goblins
  9 hobgoblins
  7 jackals
  4 kobolds
  3 quokkas
  5 bats
  3 frilled lizards
  3 rats
95 creatures vanquished.

Vanquished Creatures (others)
  10 fungi (D:5)
  4 toadstools (D:5)
14 creatures vanquished.

Grand Total: 109 creatures vanquished

Notes
Turn   | Place    | Note
-------+----------+-------------------------------------------
     0 | D:1      | Dorkslayer the Gargoyle Fighter began the quest for the
                  | Orb.
     0 | D:1      | Reached XP level 1. HP: 14/14 MP: 1/1
   245 | D:1      | Reached XP level 2. HP: 18/19 MP: 2/2
   711 | D:2      | Reached skill level 2 in Axes
   775 | D:2      | Reached XP level 3. HP: 22/23 MP: 3/3
   862 | D:2      | Found Hichutt's Antique Armour Shop.
  1051 | D:2      | Reached skill level 1 in Dodging
  1213 | D:3      | Reached XP level 4. HP: 29/29 MP: 4/4
  1397 | D:3      | Found a faded altar of an unknown god.
  1425 | D:3      | Prayed at the altar of an unknown god.
  1425 | D:3      | Became a worshipper of Gozag Ym Sagoz the Greedy
  1821 | D:4      | Reached skill level 3 in Axes
  1834 | D:4      | Reached XP level 5. HP: 33/33 MP: 5/5
  1865 | D:4      | Found a hide-covered altar of Uskayaw.
  1866 | D:4      | Found a glowing silver altar of Zin.
  1868 | D:4      | Found a broken altar of Ashenzari.
  2014 | D:4      | Found a transporter.
  2144 | D:4      | Found Wizaah's Antique Armour Emporium.
  2211 | D:4      | Bought a glowing cloak for 210 gold pieces
  2252 | D:4      | Found a transporter.
  2313 | D:4      | Reached XP level 6. HP: 24/38 MP: 6/6
  2429 | D:4      | Found a shimmering blue altar of Sif Muna.
  2429 | D:4      | Found a sacrificial altar of Ru.
  2509 | D:4      | Noticed bobfrom10's ghost (amateur DECj)
  2518 | D:5      | Entered Level 5 of the Dungeon
  2545 | D:5      | Reached skill level 4 in Axes
  2549 | D:5      | Reached skill level 1 in Evocations
  2797 | D:5      | Reached XP level 7. HP: 18/43 MP: 7/7
  3205 | D:5      | Found a snail-covered altar of Cheibriados.
  3206 | D:5      | Found a bloodstained altar of Trog.
  3446 | D:5      | Reached skill level 5 in Axes
  3728 | D:6      | Reached skill level 5 in Armour
  3728 | D:6      | Reached XP level 8. HP: 42/48 MP: 8/8
  3825 | D:6      | Reached skill level 6 in Axes
  4163 | D:6      | HP: 1/48 [wight/+3 mace (5)]
  4174 | D:6      | Slain by a wight

Illustrated notes

Levels and vault maps discovered:
D:1:      dpeg_arrival_arbitrary_a, layout_basic, chequers_serial_rivers_micro_a
D:2:      layout_loops_ring, serial_shops, shop
D:3:      layout_loops_ring, ebering_ecumenical_altar_abandoned
D:4:      layout_loops_ring, nicolae_overflow_two_pavilions, minitemple,
          gammafunk_ghost_stat_death, serial_shops, nicolae_stop_n_shop_1
D:5:      layout_cave_pods, trog_three_pillars_becter, slow_altar_1,
          minmay_gold_behind_fungi
D:6:      layout_basic, nicolae_hepliaklqana_monster_ancestors

Skill      XL: |  1  2  3  4  5  6  7  8 |
---------------+-------------------------+-----
Axes           | 2 3 4 5 6 |  6.0
Dodging        | 1 2 |  2.2
Fighting       | 4 |  4.7
Armour         | 4 5 |  5.1
Shields        | 4 |  4.3
Evocations     | 1 2 |  2.7

Action                     |  1- 3 |  4- 6 |  7- 9 || total
---------------------------+-------+-------+-------++-------
  Melee: War axe           |    89 |   141 |   125 ||   355
    Use: Scroll            |       |     1 |     5 ||     6
         Potion            |       |     1 |     2 ||     3
 Armour: Scale mail        |    34 |       |       ||    34
         Chain mail        |    30 |    93 |    89 ||   212
  Dodge: Dodged            |    44 |    71 |    42 ||   157
  Block: Buckler           |    19 |    43 |    22 ||    84

Table legend: (Time is in decaauts)
 A = Elapsed time spent in this place.
 B = Non-inter-level travel time spent in this place.
 C = Inter-level travel time spent in this place.
 D = Time resting spent in this place.
 E = Time spent auto-exploring this place.
 F = Levels seen in this place.
 G = Mean time per level.
                   A        B        C        D        E       F      G
               +--------+--------+--------+--------+--------+-----+--------+
         Total |   4296 |   4296 |      0 |      0 |   2306 |   6 |  716.0 |
       Dungeon |   4296 |   4296 |      0 |      0 |   2306 |   6 |  716.0 |
               +--------+--------+--------+--------+--------+-----+--------+

Top non-repeatable levels by time:
     D:5: 1041 daAuts
     D:4: 724 daAuts
     D:6: 660 daAuts
     D:2: 639 daAuts
     D:3: 634 daAuts
     D:1: 596 daAuts
